 Dungeon Sprint DCSS version 0.26-a0-113-gd8a95b691d (webtiles) character file.

Game seed: 8140306416190967718

24 Apogee the Sneak (level 2, -2/13 HPs)
             Began as a Spriggan Enchanter on June 25, 2020.
             Slain by an ogre
             ... wielding a +0 giant club
              (15 damage)
             ... in the Dungeon (Sprint I: "Red Sonja").
             The game lasted 00:01:13 (260 turns).

Apogee the Sneak (Spriggan Enchanter)                Turns: 260, Time: 00:01:13

Health: -2/13      AC:  2    Str:  4    XL:     2   Next: 79%
Magic:  1/8        EV: 18    Int: 16    God:
Gold:   0          SH:  0    Dex: 16    Spells: 7/10 levels left

rFire    . . .     SeeInvis +   a - +1 dagger
rCold    . . .     Faith    .   (shield restricted)
rNeg     . . .     Spirit   .   b - +0 robe
rPois    .         Reflect  .   (helmet restricted)
rElec    .         Harm     .   (no cloak)
rCorr    .         NoTele   +   (gloves unavailable)
MR       .....                  (boots unavailable)
Stlth    +++.......             (no amulet)
HPRegen  0.04/turn              (no ring)
MPRegen  0.11/turn              (no ring)

@: very quick
A: very small, unfitting armour, see invisible, herbivore, speed 3, slow
metabolism 2
a: no special abilities


You were in the Dungeon.
You were not hungry.

You visited 1 branch

Inventory:

Hand Weapons
 a - a +1 dagger (weapon)
Armour
 b - a +0 robe (worn)
Scrolls
 j - a scroll of blinking {!r}
Potions
 e - a potion of curing
 f - a potion of heal wounds
 g - a potion of haste
 h - 2 potions of magic
Comestibles
 d - a ration


   Skills:
 - Level 1.1 Short Blades
 - Level 3.0 Dodging
 + Level 6.7 Stealth
 + Level 4.7 Spellcasting
 - Level 5.3 Hexes
 + Level 0.0 Ice Magic


You had 7 spell levels left.
You knew the following spells:

 Your Spells              Type           Power        Failure   Level  Hunger
a - Ensorcelled Hibernat  Hex/Ice        ##....       8%          2    ##.....
v - Corona                Hex            ###....      1%          1    None

Your spell library contained the following spells:

 Spells                   Type           Power        Failure   Level  Hunger
 Confusing Touch          Hex            ###.....     5%          3    ###....
 Tukima's Dance           Hex            ###.....     5%          3    ###....
 Dazzling Flash           Conj/Hex       ##....       16%         3    ###....


Dungeon Overview and Level Annotations

Branches:
Dungeon (1/1)

Altars:


Innate Abilities, Weirdness & Mutations

You are very small and have problems with some larger weapons.
You are too small for most types of armour.
You have supernaturally acute eyesight. (SInv)
You are a herbivore.
You cover ground extremely quickly.
You need to consume almost no food.


Message History

Press: ? - help, Shift-Dir - straight line, f/p - ogre
Aim: an ogre, wielding a +0 giant club (softly glowing, chance to defeat MR: 43%)
The ogre resists with some effort.
The ogre misses you.
Casting: Ensorcelled Hibernation (safe; 8% risk of failure)
Confirm with . or Enter, or press ? or * to list all spells.
Aiming: Ensorcelled Hibernation (safe; 8% risk of failure)
Press: ? - help, Shift-Dir - straight line, f/p - ogre
Aim: an ogre, wielding a +0 giant club (softly glowing, chance to defeat MR: 43%)
The ogre resists with some effort.
Casting: Ensorcelled Hibernation (safe; 8% risk of failure)
Confirm with . or Enter, or press ? or * to list all spells.
You don't know that spell.
Unknown command.
There is a fountain of clear blue water here.
Casting: Ensorcelled Hibernation (safe; 8% risk of failure)
Confirm with . or Enter, or press ? or * to list all spells.
You don't have enough magic to cast that spell.
The ogre hits you with a +0 giant club!
Ouch! That really hurt!
You die...

##########
#<.#.['..#
#..'..#..+
#..#### +#
#..# #O.#
#.@# #⌠⌠#
####


You could see an ogre (corona).

Vanquished Creatures
  Ijyb (D)
1 creature vanquished.

Notes
Turn   | Place    | Note
-------+----------+-------------------------------------------
     0 | D        | Apogee the Spriggan Enchanter began the quest for the Orb.
     0 | D        | Reached XP level 1. HP: 9/9 MP: 5/5
     1 | D        | Noticed Ijyb
    37 | D        | Killed Ijyb
    37 | D        | Reached skill level 6 in Stealth
    37 | D        | Reached skill level 5 in Hexes
    37 | D        | Reached XP level 2. HP: 6/13 MP: 4/8
    63 | D        | Learned a level 2 spell: Ensorcelled Hibernation
   248 | D        | Noticed an ogre
   260 | D        | Slain by an ogre

Illustrated notes

Levels and vault maps discovered:
D:        dungeon_sprint_1 [red_sonja_temple_1, red_sonja_temple_small_1]

Skill      XL: |  1 |
---------------+----+-----
Stealth        | 6 |  6.7
Spellcasting   | 4 |  4.7
Hexes          | 5 |  5.3
Short Blades   | |  1.1
Dodging        | |  3.0

Action                   || total
-------------------------++-------
Melee: Dagger            ||    30
 Cast: Corona            ||     4
       Ensorcelled Hiber ||     3
  Use: Potion            ||     1
 Stab: Sleeping          ||     1
Armor: Robe              ||     6
Dodge: Dodged            ||    35

Table legend:
 A = Non-vault XP
 B = Vault XP
 C = Vault XP percentage of total XP
 D = Non-vault monster count
 E = Vault monster count
 F = Vault count percentage of total count
                 A         B        C        D         E       F
            +---------+---------+-------+---------+---------+-------
      Total |       0 |      35 | 100.0 |       0 |       1 | 100.0
            +---------+---------+-------+---------+---------+-------
          D |       0 |      35 | 100.0 |       0 |       1 | 100.0
            +---------+---------+-------+---------+---------+-------
